 Dungeon Crawl Stone Soup version 0.26.1-11-gd32895ea62 (webtiles) character file.

Game seed: 4986747108417823898

48 Descartes the Ducker (level 3, -5/16 HPs)
             Began as a Felid Transmuter on May 29, 2021.
             Slain by a gnoll (9 damage)
             ... on level 2 of the Dungeon.
             The game lasted 00:04:15 (3298 turns).

Descartes the Ducker (Felid Transmuter)             Turns: 3298, Time: 00:04:16

Health: -5/16      AC:  1    Str:  7    XL:     3   Next: 50%
Magic:  6/7        EV: 19    Int: 14    God:
Gold:   86         SH:  0    Dex: 16    Spells: 5/6 levels left
                                        Lives:  0   Deaths: 1

rFire    . . .     SeeInvis +     - Unarmed
rCold    . . .     Faith    .   (shield unavailable)
rNeg     . . .     Spirit   .   (armour unavailable)
rPois    .         Reflect  .   (helmet unavailable)
rElec    .         Harm     .   (cloak unavailable)
rCorr    .         Rampage  .   (gloves unavailable)
Will     .....                  (boots unavailable)
Stlth    +++.......             (no amulet)
HPRegen  0.05/turn              (no ring)
MPRegen  0.10/turn              (no ring)

@: appendages, quick
A: very small, no armour, no weapons or thrown items, stealth, claws 1, fangs 3,
horns 2, see invisible, speed 1, shaggy fur 1, sharp paws
a: End Transformation


You were on level 2 of the Dungeon.
You had grown temporary horns.
You visited 1 branch of the dungeon, and saw 2 of its levels.

You collected 86 gold pieces.

Inventory:

Scrolls
 a - a scroll of identify {unknown}
 b - 2 scrolls of fear {unknown}
 e - a scroll of magic mapping {unknown}
 f - a scroll of remove curse {unknown}
Potions
 c - a potion of degeneration {unknown}
 d - a potion of heal wounds {unknown}
 g - a potion of attraction {unknown}
 h - a potion of curing {unknown}


   Skills:
 + Level 1.8 Fighting
 + Level 3.7 Dodging
 + Level 2.2 Stealth
 + Level 3.3 Unarmed Combat
 + Level 2.4 Spellcasting
 + Level 2.8 Transmutations


You had 5 spell levels left.
You knew the following spells:

 Your Spells              Type           Power        Failure   Level
a - Beastly Appendage     Tmut           18%          7%          1

Your spell library contained the following spells:

 Spells                   Type           Power        Failure   Level
 Wereblood                Tmut           9%           11%         2
 Spider Form              Tmut/Pois      2%           36%         3
 Ice Form                 Ice/Tmut       5%           77%         4
 Blade Hands              Tmut           4%           89%         5


Dungeon Overview and Level Annotations

Branches:
Dungeon (2/15)

Altars:
Sif Muna


Innate Abilities, Weirdness & Mutations

You cannot wear armour.
You are incapable of wielding weapons or throwing items.
Your paws allow you to move quietly. (Stealth)
You have sharp claws.
You have razor-sharp teeth.
You have supernaturally acute eyesight. (SInv)
You cover ground quickly.
You are covered in fur. (AC +1)
Your sharp claws are effective at attacking unaware monsters.
You have a pair of horns on your head.


Message History

You grow a pair of large bovine horns.
The gnoll shouts!
The gnoll hits you!
Ouch! That really hurt!
You are too injured to fight recklessly!
You are too injured to fight recklessly!
You are too injured to fight recklessly!
You are too injured to fight recklessly!
You are too injured to fight recklessly!
Unknown command.
You are too injured to fight recklessly!
You are too injured to fight recklessly!
The gnoll closely misses you.
You scratch the gnoll but do no damage. The gnoll hits you.
* * * LOW HITPOINT WARNING * * *
You scratch the gnoll.
The gnoll is lightly wounded.
The gnoll hits you!
Ouch! That really hurt!
You die...

.###.#♣♣..P........#
.# #.#♣.♣♣..♣....###
.# #.##♣♣♣♣♣####.#
.# #.##..#.# #.#
.###.##..#.## #.#
...........>####.#
.###.##..........#
.###.#.......###.#
.............# #@#
.###.##.###..###g###
......#.###..#.....#
...[...<.....#.#..##
.#..........g.)...#
.............#.##.#
##.####.#.........#
....†......#.#.####
##........##.....


You could see a gnoll.

Vanquished Creatures
  Jessica (D:2)
  A gnoll (D:2)
  An adder (D:2)
  A worm (D:2)
  4 dart slugs
  3 leopard geckos
  A giant cockroach (D:1)
  2 goblins (D:1)
  2 hobgoblins
  3 jackals (D:2)
  5 bats
  4 frilled lizards
  4 kobolds
  10 rats
42 creatures vanquished.

Vanquished Creatures (others)
  A bush (D:2)
  2 plants (D:2)
3 creatures vanquished.

Grand Total: 45 creatures vanquished

Notes
Turn   | Place    | Note
-------+----------+-------------------------------------------
     0 | D:1      | Descartes the Felid Transmuter began the quest for the Orb.
     0 | D:1      | Reached XP level 1. HP: 9/9 MP: 4/4
   202 | D:1      | Reached XP level 2. HP: 12/12 MP: 4/6
   344 | D:1      | Reached skill level 1 in Stealth
  1243 | D:2      | Reached XP level 3. HP: 15/15 MP: 5/7
  1302 | D:2      | Noticed Jessica
  1311 | D:2      | Killed Jessica
  2244 | D:2      | Found a shimmering blue altar of Sif Muna.
  2272 | D:2      | Reached XP level 4. HP: 19/19 MP: 6/8
  2756 | D:2      | Slain by a gnoll
  2757 | D:2      | Reached XP level 3. HP: 0/16 MP: 7/7
  3298 | D:2      | Slain by a gnoll

Illustrated notes

Levels and vault maps discovered:
D:1:      eino_arrival_water_star, layout_basic
D:2:      layout_basic, serial_forest, infiniplex_forest_zigzag_1,
          infiniplex_forest_end_1, infiniplex_forest_split,
          infiniplex_forest_lined_3, infiniplex_forest_lined_room_3,
          infiniplex_forest_clump_long, infiniplex_forest_corner_2,
          led_sif_pool, uniq_jessica

Skill      XL: |  1  2  3 |
---------------+----------+-----
Dodging        | 3 |  3.7
Stealth        | 1 2 |  2.2
Fighting       | |  1.8
Unarmed Combat | |  3.3
Spellcasting   | |  2.4
Transmutations | |  2.8

Action                   |  1- 3 |  4- 6 || total
-------------------------+-------+-------++-------
Melee: Unarmed           |   104 |    28 ||   132
       Bite              |    11 |     3 ||    14
       Headbutt          |     8 |     4 ||    12
 Cast: Beastly Appendage |    35 |     5 ||    40
 Stab: Sleeping          |     6 |       ||     6
Armor: Skin              |     6 |     3 ||     9
Dodge: Dodged            |    72 |    24 ||    96
